 Dungeon Crawl Stone Soup version 0.20.1-1-g8b1a95d (webtiles) character file.

60 Kingsmith the Firebug (level 3, -4/24 HPs)
             Began as a Mummy Fire Elementalist on Dec 8, 2017.
             Slain by an iguana (15 damage)
             ... on level 3 of the Dungeon.
             The game lasted 00:03:34 (1604 turns).

Kingsmith the Firebug (Mummy Fire Elementalist)     Turns: 1604, Time: 00:03:34

Health: -4/24      AC:  2    Str: 11    XL:     3   Next: 80%
Magic:  1/7        EV: 12    Int: 15    God:
Gold:   60         SH:  0    Dex: 12    Spells: 1/7 levels left

rFire    x . .     SeeInvis .   c - +1 dagger (venom)
rCold    + . .     Gourm    .   (no shield)
rNeg     + + +     Faith    .   a - +0 robe
rPois    ∞         Spirit   .   (no helmet)
rElec    .         Reflect  .   (no cloak)
rCorr    .         Harm     .   (no gloves)
MR       .....                  (no boots)
Stlth    ++........             (no amulet)
Regen    0.1/turn               (no ring)
MPRegen  0.1/turn               (no ring)

@: no status effects
A: no food or potions, fire vulnerability, cold resistance 1, negative energy
resistance 3, torment resistance, unbreathing
a: no special abilities


You were on level 3 of the Dungeon.
You were not hungry.

You visited 1 branch of the dungeon, and saw 3 of its levels.

You collected 60 gold pieces.

Inventory:

Hand Weapons
 c - a +1 dagger of venom (weapon)
Armour
 a - a +0 robe (worn)
 h - a +0 pair of gloves
Jewellery
 f - a +4 ring of strength {unknown}
Scrolls
 d - a scroll of noise {unknown}
 e - a scroll of random uselessness {unknown}
 g - a scroll of magic mapping {unknown}
Books
 b - a book of Flames

   Spells                             Type                      Level
   a - Flame Tongue                   Conjuration/Fire             1
   b - Throw Flame                    Conjuration/Fire             2
   c - Conjure Flame                  Conjuration/Fire             3
   d - Inner Flame                    Hexes/Fire                   3
   e - Sticky Flame                   Conjuration/Fire             4
   f - Fireball                       Conjuration/Fire             5


   Skills:
 - Level 1.5 Dodging
 - Level 1.5 Stealth
 - Level 2.6 Spellcasting
 - Level 0.7 Conjurations
 + Level 3.9 Fire Magic


You had one spell level left.
You knew the following spells:

 Your Spells              Type           Power        Failure   Level  Hunger
a - Flame Tongue          Conj/Fire      #....        8%          1    N/A
b - Throw Flame           Conj/Fire      #.....       12%         2    N/A
c - Conjure Flame         Conj/Fire      #.......     24%         3    N/A

Dungeon Overview and Level Annotations

Branches:
Dungeon (3/15)

Altars:


Innate Abilities, Weirdness & Mutations

You do not eat or drink.
Your flesh is vulnerable to fire.
You are immune to poison.
Your flesh is cold resistant. (rC+)
You are immune to negative energy. (rN+++)
You are immune to unholy pain and torment.
You can survive without breathing.


Message History

The puff of flame misses the iguana.
Casting: Throw Flame
Confirm with . or Enter, or press ? or * to list all spells.
Aiming: Flame Tongue
Press: ? - help, Shift-Dir - straight line, f/p - iguana
Aim: an iguana (moderately wounded)
The flame tongue hits the iguana.
The iguana is severely wounded.
The iguana bites you!
You see here an adder corpse.
The iguana closely misses you.
Casting: Flame Tongue
Confirm with . or Enter, or press ? or * to list all spells.
Aiming: Flame Tongue
Press: ? - help, Shift-Dir - straight line, f/p - iguana
Aim: an iguana (heavily wounded)
The flame tongue misses the iguana.
The iguana closely misses you. The iguana bites you!
Ouch! That really hurt!
You die...

#+# #.## #.#
#########†# #.#
#.........#
##.###.######..#
.#####...##.######..#
.......†..#.##......#
.###.%.<.##.##.###.##
##.#.....l..# #.#
#..(###@#### #.#
##### #........#
##########


You could see an iguana.

Vanquished Creatures
  A gnoll (D:2)
  2 adders
  4 giant cockroaches
  5 goblins
  4 hobgoblins (D:1)
  2 bats (D:1)
  A frilled lizard (D:1)
  8 kobolds (D:1)
  3 rats
30 creatures vanquished.

Notes
Turn   | Place    | Note
-------+----------+-------------------------------------------
     0 | D:1      | Kingsmith the Mummy Fire Elementalist began the quest for the Orb.
     0 | D:1      | Reached XP level 1. HP: 13/13 MP: 4/4
   204 | D:1      | Reached XP level 2. HP: 19/19 MP: 5/5
   245 | D:1      | Learned a level 2 spell: Throw Flame
   256 | D:1      | Reached skill level 3 in Fire Magic
  1229 | D:2      | Reached XP level 3. HP: 21/24 MP: 7/7
  1433 | D:2      | Learned a level 3 spell: Conjure Flame
  1604 | D:3      | Slain by an iguana

Skill      XL: |  1  2 |
---------------+-------+-----
Fire Magic     | 3 |  3.9
Dodging        | |  1.5
Stealth        | |  1.5
Spellcasting   | |  2.6
Conjurations   | |  0.7

Action                   || total
-------------------------++-------
Melee: Dagger            ||    38
 Cast: Flame Tongue      ||    39
       Throw Flame       ||     6
 Stab: Sleeping          ||     2
Armor: Robe              ||     4
Dodge: Dodged            ||    36
